 Dungeon Crawl Stone Soup version 0.27-a0-1202-ge72e49191c (webtiles) character file.

Game seed: 1178886315464604794

163 hatdisgam the Chiller (level 5, 0/38 HPs)
             Began as a Ghoul Ice Elementalist on June 3, 2021.
             Slain by an orc wizard
             ... wielding a +0 dagger
              (2 damage)
             ... on level 3 of the Dungeon.
             The game lasted 00:05:10 (3982 turns).

hatdisgam the Chiller (Ghoul Ice Elementalist)      Turns: 3982, Time: 00:05:10

Health: 0/38       AC:  2    Str: 12    XL:     5   Next: 44%
Magic:  0/8        EV: 12    Int: 11    God:
Gold:   112        SH:  0    Dex:  9    Spells: 5/9 levels left

rFire    . . .     SeeInvis .   m - +0 dagger (venom)
rCold    + . .     Faith    .   (no shield)
rNeg     + + +     Spirit   .   a - +0 robe
rPois    ∞         Reflect  .   (no helmet)
rElec    .         Harm     .   (no cloak)
rCorr    .         Rampage  .   (no gloves)
Will     .....                  (no boots)
Stlth    ++........             (no amulet)
HPRegen  0.00/turn              (no ring)
MPRegen  0.11/turn              (no ring)

@: freezing walls
A: claws 1, cold resistance 1, negative energy resistance 3, inhibited
regeneration, torment resistance 2
a: no special abilities


You were on level 3 of the Dungeon.
You visited 1 branch of the dungeon, and saw 4 of its levels.

You collected 112 gold pieces.

Inventory:

Hand Weapons
 b - a +0 club
 g - a +0 flail
 m - a +0 dagger of venom (weapon)
Armour
 a - a +0 robe (worn)
 h - a +0 kite shield
Wands
 k - a wand of flame (16)
Scrolls
 c - 4 scrolls of teleportation {unknown}
 d - 5 scrolls of identify {unknown}
 f - 3 scrolls of enchant armour {unknown}
 o - a scroll of amnesia {unknown}
 p - a scroll of noise {unknown}
Potions
 e - 2 potions of curing {unknown}
 i - 2 potions of flight {unknown}
 j - 2 potions of invisibility {unknown}
 l - a potion of attraction {unknown}
 n - a potion of degeneration {unknown}
 q - 2 potions of lignification {unknown}


   Skills:
 - Level 1.7 Dodging
 - Level 2.1 Stealth
 + Level 1.5 Shields
 + Level 2.8 Spellcasting
 * Level 6.1 Ice Magic


You had 5 spell levels left.
You knew the following spells:

 Your Spells              Type           Power      Damage    Failure   Level
a - Freeze                Ice            60%        1d8       2%          1
b - Frozen Ramparts       Ice            30%        1d5       6%          3

Your spell library contained the following spells:

 Spells                   Type           Power      Damage    Failure   Level
 Ozocubu's Armour         Ice            15%        N/A       6%          3
 Magic Dart               Conj           4%         1d3       26%         1
 Searing Ray              Conj           2%         3d3       38%         2
 Hailstorm                Conj/Ice       8%         3d4       58%         4
 Dazzling Flash           Conj/Hex       2%         N/A       63%         3
 Metabolic Englaciation   Hex/Ice        4%         N/A       91%         5
 Fulminant Prism          Conj/Hex       0%         3d6       95%         4
 Iskenderun's Mystic Bla  Conj/Tloc      1%         2d3       95%         4


Dungeon Overview and Level Annotations

Branches:
Dungeon (4/15)
 Temple: D:4-7

Altars:
Hepliaklqana
Kikubaaqudgha
Okawaru

Shops:
D:2 =   D:3 :


Innate Abilities, Weirdness & Mutations

You thrive by killing the living.
You are immune to poison.
You have sharp fingernails.
Your flesh is cold resistant. (rC+)
You are immune to negative energy. (rN+++)
You do not regenerate when monsters are visible.
You are immune to unholy pain and torment.


Message History

Aim: an orc, wielding a +0 hand axe and wearing a +0 chain mail (almost dead, very poisoned)
You freeze the orc.
You kill the orc!
You feel better. Something hits you but does no damage. Something hits you.
* * * LOW HITPOINT WARNING * * *
There is a stone staircase leading up, spattered with blood here.
Things that are here:
a +0 flail; a +0 flail Something hits you but does no damage.
You climb upwards.
Reactivating autopickup.
There is a stone staircase leading down here.
Unknown command.
Casting: Freeze (safe; 2% risk of failure)
Confirm with . or Enter, or press ? or * to list all spells.
You can't see any susceptible monsters within range! (Use Z to cast anyway.) Unknown command.
A magic dart appears from out of thin air!
Deactivating autopickup; reactivate with Ctrl-A.
The magic dart hits you.
* * * LOW HITPOINT WARNING * * *
Something hits you.
* * * LOW HITPOINT WARNING * * *
There is a stone staircase leading down here.
Casting: Freeze (safe; 2% risk of failure)
Confirm with . or Enter, or press ? or * to list all spells.
Casting: Frozen Ramparts (dangerous; 6% risk of failure)
Press: ? - help, Dir - look around, f - activate A stone staircase leading down.
The walls around you are covered in ice.
The wall freezes something.
Something hits you.
* * * LOW HITPOINT WARNING * * *
Unknown command.
Casting: Frozen Ramparts (dangerous; 6% risk of failure)
Confirm with . or Enter, or press ? or * to list all spells.
Aiming: Freeze (safe; 2% risk of failure)
Press: ? - help, Shift-Dir - straight line You freeze something.
The wall freezes something.
Something hits you.
You die...

......###....# #.###.#.##..
#.........#### #.# ##.#####
#.#######.# #.# ### #+## #.#
#.######## ...## #.# #........# #
....#####.##### #####.######.###
.....##.......# #........###.##.
......#.#.....####.###.....##.#..
......'........{@.............'..
......#.##....####.###.#...##.#.<
.....##.##..#.# #.# #........##.
....###.......# #.# #.##.#######
...## ####.#### #.# #.##.# # #'##
#.# #.###.##.# #.##### #.#
#........# ......# #.# #####.####
#.###.# #.# #.#


There were no monsters in sight!

Vanquished Creatures
  A hound (D:4)
  An orc priest (D:4)
  4 adders
  A worm (D:2)
  A dart slug (D:1)
  3 orcs (D:4)
  4 endoplasms
  A giant cockroach (D:2)
  6 goblins
  3 hobgoblins
  4 jackals (D:4)
  2 quokkas
  9 ball pythons
  3 bats
  7 frilled lizards
  3 kobolds
  6 rats
59 creatures vanquished.

Notes
Turn   | Place    | Note
-------+----------+-------------------------------------------
     0 | D:1      | hatdisgam the Ghoul Ice Elementalist began the quest for
                  | the Orb.
     0 | D:1      | Reached XP level 1. HP: 14/14 MP: 2/2
   272 | D:1      | Reached XP level 2. HP: 9/20 MP: 1/3
   862 | D:1      | Reached skill level 5 in Ice Magic
  1124 | D:2      | Found Ufeum's Jewellery Shoppe.
  1243 | D:2      | Reached XP level 3. HP: 14/26 MP: 1/5
  1802 | D:2      | Found an ancient bone altar of Kikubaaqudgha.
  1928 | D:2      | Learned a level 3 spell: Frozen Ramparts
  2423 | D:3      | Found an iron altar of Okawaru.
  2628 | D:3      | Found Kivonosu's Book Shop.
  2956 | D:3      | Reached XP level 4. HP: 30/33 MP: 6/6
  3518 | D:3      | Found a hazy altar of Hepliaklqana.
  3675 | D:4      | Reached skill level 1 in Shields
  3675 | D:4      | Reached XP level 5. HP: 28/38 MP: 2/7
  3969 | D:4      | Reached skill level 6 in Ice Magic
  3982 | D:3      | Slain by an orc wizard

Illustrated notes

Levels and vault maps discovered:
D:1:      tarquinn_simple_flora_water_d, layout_basic
D:2:      layout_rooms, basic_altar, serial_shops, shop
D:3:      layout_loops_corners, nzn_hepliaklqana_mist_gate, old_standard_altar,
          serial_shops, shop
D:4:      layout_gridville, zin_statuary

Skill      XL: |  1  2  3  4  5 |
---------------+----------------+-----
Spellcasting   | 2 |  2.8
Ice Magic      | 5 6 |  6.1
Shields        | 1 |  1.5
Dodging        | |  1.7
Stealth        | |  2.1

Action                   |  1- 3 |  4- 6 || total
-------------------------+-------+-------++-------
Melee: Club              |    50 |       ||    50
       Flail             |    56 |       ||    56
       Dagger            |    11 |    41 ||    52
 Cast: Freeze            |    28 |     9 ||    37
       Frozen Ramparts   |       |     3 ||     3
 Stab: Sleeping          |     9 |     2 ||    11
Armor: Robe              |    27 |     7 ||    34
Dodge: Dodged            |   104 |    31 ||   135

Table legend: (Time is in decaauts)
 A = Elapsed time spent in this place.
 B = Non-inter-level travel time spent in this place.
 C = Inter-level travel time spent in this place.
 D = Time resting spent in this place.
 E = Time spent auto-exploring this place.
 F = Levels seen in this place.
 G = Mean time per level.
                   A        B        C        D        E       F      G
               +--------+--------+--------+--------+--------+-----+--------+
         Total |   4018 |   3858 |    160 |    334 |   3040 |   4 | 1004.5 |
       Dungeon |   4018 |   3858 |    160 |    334 |   3040 |   4 | 1004.5 |
               +--------+--------+--------+--------+--------+-----+--------+

Top non-repeatable levels by time:
     D:1: 1317 daAuts
     D:3: 1311 daAuts
     D:2: 999 daAuts
     D:4: 389 daAuts
